[Event "Titled Tuesday Blitz July 18 Early 2023"]
[White "Gontcharov, Vladislav"]
[Black "Stribuk, Artiom"]
[WhiteFideId "4123492"]
[BlackFideId "13515659"]
[WhiteElo "2583"]
[BlackElo "2777"]
[Result "0-1"]
[Round "4"]
[TimeControl "180+2"]
[Date "2023.07.18"]
[WhiteClock "0:00:00"]
[BlackClock "0:00:09"]
[Board "45"]

1. d4 Nf6 2. c4 g6 3. Nc3 d5 4. cxd5 Nxd5 5. e4 Nxc3 6. bxc3 Bg7 7. Bc4 c5 8. Ne2 O-O 9. O-O Nc6 10. Be3 Bg4 11. f3 Bd7 12. Qd2 Qc7 13. Rac1 Rad8 14. Bf4 e5 15. Bg3 Bc8 16. d5 Na5 17. Bd3 c4 18. Bb1 b6 19. h3 Nb7 20. f4 exf4 21. Qxf4 Qxf4 22. Bxf4 Rfe8 23. Nd4 Bd7 24. Rfe1 Be5 25. Bxe5 Rxe5 26. Nf3 Ree8 27. e5 Nc5 28. Rcd1 Kg7 29. Rd4 b5 30. g4 h6 31. Kg2 Bc8 32. Kg3 Bb7 33. Red1 Re7 34. Bc2 Red7 35. e6 fxe6 36. dxe6 Rxd4 37. Nxd4 a6 38. Rf1 Rf8 39. Rxf8 Kxf8 40. Bxg6 Ke7 41. Bf7 Bd5 42. Nf5+ Kf6 43. Nxh6 Bxe6 44. Bxe6 Kxe6 45. Nf5 Ne4+ 46. Kf4 Nxc3 47. a4 bxa4 48. Ke3 a3 49. Nd4+ Ke5 50. Nc2 a2 51. g5 Nd5+ 52. Kf3 a5 53. g6 Kf6 54. Ke4 Nb4 55. Na1 c3 56. Ke3 Kxg6 57. Ke2 Kh5 58. Kd1 a4 59. Kc1 Kh4 60. Kd1 Kxh3 61. Ke2 Kg3 62. Ke3 Kg4 63. Ke2 Kf4 64. Kf2 Ke4 65. Ke2 Kd4 66. Kd1 Kc4 67. Kc1 Nc6 68. Nc2 Nd4 0-1


[Site "https://www.chess.com"]

[Event "Titled Tuesday Blitz July 18 Early 2023"]
[White "Aggelis, Nikolaos"]
[Black "Krzyzanowski, Marcin"]
[WhiteFideId "4213220"]
[BlackFideId "1132199"]
[WhiteElo "2579"]
[BlackElo "2769"]
[Result "0-1"]
[Round "4"]
[TimeControl "180+2"]
[Date "2023.07.18"]
[WhiteClock "0:00:00"]
[BlackClock "0:00:08"]
[Board "46"]

1. c4 e5 2. Nc3 Nf6 3. g3 Bb4 4. Bg2 a5 5. Nf3 d6 6. O-O O-O 7. Ne1 Nc6 8. Nc2 Bc5 9. e3 Bg4 10. f3 Bd7 11. d4 Ba7 12. Kh1 Re8 13. d5 Nb4 14. e4 Nxc2 15. Qxc2 Nh5 16. Qe2 g6 17. Be3 Bxe3 18. Qxe3 f5 19. exf5 gxf5 20. Qh6 Ng7 21. g4 Rf8 22. g5 Qe8 23. f4 e4 24. Rfe1 Qh5 25. Qxh5 Nxh5 26. Rf1 a4 27. Rae1 Kf7 28. Nd1 b5 29. Ne3 bxc4 30. Rf2 Rfb8 31. Nxc4 Rb4 32. Rc1 Rab8 33. Bf1 Bb5 34. Ne3 Bxf1 35. Rxc7+ Kg6 36. Rxf1 Rxb2 37. Rc6 R2b6 38. Nc4 Rxc6 39. dxc6 Rc8 40. Rd1 Rxc6 41. Nxd6 Nxf4 42. Nb5 e3 43. Nd4 Rd6 44. Rf1 Rxd4 0-1


[Site "https://www.chess.com"]

[Event "Titled Tuesday Blitz July 18 Early 2023"]
[White "Bodnaruk, Anastasia"]
[Black "Dzhumagaliev, Yan"]
[WhiteFideId "4181751"]
[BlackFideId "24100110"]
[WhiteElo "2579"]
[BlackElo "2759"]
[Result "0-1"]
[Round "4"]
[TimeControl "180+2"]
[Date "2023.07.18"]
[WhiteClock "0:00:08"]
[BlackClock "0:00:15"]
[Board "47"]

1. e4 c5 2. Nc3 Nc6 3. Bb5 e6 4. Bxc6 bxc6 5. f4 d5 6. d3 Nf6 7. e5 Nd7 8. Nf3 Ba6 9. O-O c4 10. d4 c5 11. Be3 cxd4 12. Nxd4 g6 13. a4 Bg7 14. Ncb5 O-O 15. Nc6 Qh4 16. g3 Qh3 17. Nc7 Bb7 18. Nd4 Rab8 19. Ncb5 a6 20. Nd6 Ba8 21. b3 Nc5 22. Rf2 cxb3 23. cxb3 Ne4 24. Nxe4 dxe4 25. Rc1 Rfd8 26. Rd2 Bf8 27. Nc6 Rxd2 28. Qxd2 Bxc6 29. Rxc6 Rxb3 30. Rc1 Rd3 31. Qe2 Kg7 32. Rb1 h5 33. Rb8 h4 34. Bf2 hxg3 35. hxg3 Rxg3+ 36. Bxg3 Qxg3+ 37. Kf1 Qxf4+ 38. Ke1 Qc1+ 39. Kf2 Bc5+ 40. Kg2 Qg5+ 41. Kh3 Qxe5 42. Qb2 Bd4 43. Qb7 Qh5+ 44. Kg2 Qf3+ 45. Kh2 Qf2+ 46. Kh3 Qf1+ 47. Kh2 Be5# 0-1


[Site "https://www.chess.com"]

[Event "Titled Tuesday Blitz July 18 Early 2023"]
[White "Nazari, Arad"]
[Black "Krstulovic, Alex"]
[WhiteFideId "12577324"]
[BlackFideId "760056"]
[WhiteElo "2757"]
[BlackElo "2576"]
[Result "0-1"]
[Round "4"]
[TimeControl "180+2"]
[Date "2023.07.18"]
[WhiteClock "0:01:22"]
[BlackClock "0:01:28"]
[Board "48"]

1. e4 c6 2. Nf3 d5 3. Nc3 dxe4 4. Nxe4 Nf6 5. Qe2 Nxe4 6. Qxe4 Be6 7. b3 Nd7 8. Bb2 Nf6 9. Qh4 g6 10. Bc4 Bxc4 11. Qxc4 Bg7 12. O-O-O Qd5 13. h4 Qxc4 14. bxc4 O-O 15. d3 Rfd8 16. Rhe1 e6 17. Re2 Ng4 18. Bxg7 Kxg7 19. Ne5 Nxe5 20. Rxe5 Rd4 21. h5 Kf6 22. Rde1 Rf4 23. hxg6 hxg6 24. f3 Rh8 25. R1e2 Rh2 26. R5e3 Rf5 27. Rd2 Rg5 28. g4 Rxd2 29. Kxd2 Ra5 30. Re1 Rxa2 31. Rb1 b6 32. c5 b5 33. Rh1 b4 34. Rb1 a5 35. f4 g5 36. fxg5+ Kxg5 37. Rf1 b3 38. Kc3 b2 39. Rb1 Kxg4 40. Kb3 Ra1 41. Rxb2 f5 42. Kc3 f4 43. Rb8 f3 44. Rf8 Kg3 45. Rg8+ Kh2 46. Rh8+ Kg1 47. Rg8+ Kf1 48. Rh8 Ke2 49. Rh6 f2 50. Rxe6+ Kf3 51. Rf6+ Kg3 52. Rg6+ Kh4 53. Rf6 f1=Q 54. Rxf1 Rxf1 55. d4 Rb1 56. Kc4 a4 57. d5 cxd5+ 58. Kxd5 a3 59. c6 Rb8 0-1


[Site "https://www.chess.com"]

[Event "Titled Tuesday Blitz July 18 Early 2023"]
[White "Kashlinskaya, Alina"]
[Black "Weetik, Vjacheslav"]
[WhiteFideId "4198026"]
[BlackFideId "4153472"]
[WhiteElo "2574"]
[BlackElo "2753"]
[Result "1/2-1/2"]
[Round "4"]
[TimeControl "180+2"]
[Date "2023.07.18"]
[WhiteClock "0:00:15"]
[BlackClock "0:00:08"]
[Board "49"]

1. Nf3 Nf6 2. g3 g6 3. c4 Bg7 4. Nc3 c6 5. Bg2 d5 6. cxd5 cxd5 7. d4 O-O 8. Ne5 e6 9. O-O Nfd7 10. Nxd7 Bxd7 11. b3 Nc6 12. Ba3 Nxd4 13. Bxf8 Qxf8 14. Rc1 Qb4 15. e4 Rc8 16. Ne2 Rxc1 17. Nxc1 Bb5 18. exd5 Bxf1 19. Qxf1 e5 20. Qd1 Qa3 21. Ne2 Qxa2 22. Nxd4 exd4 23. h4 Qa3 24. Qc2 Bf6 25. Qc8+ Kg7 26. Qxb7 d3 27. Bf3 d2 28. Qb5 Qc1+ 29. Qf1 Bd4 30. Kg2 Qe1 31. d6 Kf8 32. Qe2 Qxe2 33. Bxe2 Bc5 34. d7 Ke7 35. Kf1 Kxd7 36. Bf3 f5 37. h5 g5 38. g4 Ke6 39. Ke2 Bb4 40. Kd1 h6 41. Ke2 Ke5 42. gxf5 Kxf5 43. Bd5 g4 44. Bc6 Kg5 45. Be8 a5 46. Bf7 Kf4 47. Be8 Kg5 48. Bf7 Bc5 49. Kxd2 Bxf2 50. Ke2 Bc5 51. Kf1 Kf4 52. Kg2 g3 53. Bg6 Bb6 54. Bf7 Bc7 55. Bg6 Ke3 56. Bf7 Kd4 57. Bg6 Kc3 58. Bf7 Kb4 59. Kf3 Bd6 60. Kg2 Kc3 61. Kf3 1/2-1/2


[Site "https://www.chess.com"]

[Event "Titled Tuesday Blitz July 18 Early 2023"]
[White "Zavgorodniy, Sergiy"]
[Black "Brodowski, Piotr"]
[WhiteFideId "14110148"]
[BlackFideId "1124480"]
[WhiteElo "2572"]
[BlackElo "2750"]
[Result "1-0"]
[Round "4"]
[TimeControl "180+2"]
[Date "2023.07.18"]
[WhiteClock "0:00:22"]
[BlackClock "0:00:49"]
[Board "50"]

1. d4 d6 2. c4 e5 3. Nc3 exd4 4. Qxd4 Nc6 5. Qd2 g6 6. b3 Bg7 7. Bb2 Nf6 8. g3 O-O 9. Bg2 Bd7 10. Nh3 a6 11. Nf4 Rb8 12. h4 h5 13. O-O Ne5 14. a4 Bc6 15. Nfd5 Re8 16. Rac1 Neg4 17. e3 Nd7 18. Rfd1 a5 19. Nb5 Nc5 20. Bxg7 Kxg7 21. Nbxc7 Re5 22. Qc3 f6 23. Rb1 Rc8 24. Nb5 Bxb5 25. axb5 g5 26. hxg5 Rxg5 27. Rd4 Ne6 28. Rd2 Rg6 29. Rbd1 h4 30. Be4 Rh6 31. Nf4 Nxf4 32. gxf4 h3 33. Bf3 h2+ 34. Kh1 Qd7 35. Qc2 Kh8 36. Rxd6 Qg7 37. Rd8+ Rxd8 38. Rxd8+ 1-0


[Site "https://www.chess.com"]

[Event "Titled Tuesday Blitz July 18 Early 2023"]
[White "Chor, Kevin"]
[Black "Morefield, Jason"]
[WhiteFideId "2090740"]
[BlackFideId "30920825"]
[WhiteElo "2570"]
[BlackElo "2749"]
[Result "0-1"]
[Round "4"]
[TimeControl "180+2"]
[Date "2023.07.18"]
[WhiteClock "0:00:19"]
[BlackClock "0:01:34"]
[Board "51"]

1. e4 d6 2. d4 Nf6 3. Nc3 g6 4. f4 Bg7 5. Nf3 c5 6. dxc5 Qa5 7. Bd2 Qxc5 8. Bd3 O-O 9. Qe2 Bg4 10. h3 Bxf3 11. Qxf3 Nc6 12. O-O-O Rfc8 13. Kb1 Nd7 14. h4 b5 15. h5 b4 16. Nd5 e6 17. hxg6 exd5 18. gxf7+ Kf8 19. exd5 Nd4 20. Qg4 Nf6 21. Qg3 Qxd5 22. f5 Ne4 23. Bxe4 Qxe4 24. Qxd6+ Kxf7 25. Bxb4 Qxc2+ 26. Ka1 Nb3+ 27. axb3 Qxb2# 0-1


[Site "https://www.chess.com"]

[Event "Titled Tuesday Blitz July 18 Early 2023"]
[White "Mikhailovsky, Vladimir"]
[Black "Sargsyan, Anna M."]
[WhiteFideId "34105414"]
[BlackFideId "13308130"]
[WhiteElo "2745"]
[BlackElo "2570"]
[Result "1-0"]
[Round "4"]
[TimeControl "180+2"]
[Date "2023.07.18"]
[WhiteClock "0:00:07"]
[BlackClock "0:00:12"]
[Board "52"]

1. d4 d5 2. c4 c6 3. Nf3 Nf6 4. Nbd2 e6 5. Qc2 c5 6. cxd5 Qxd5 7. e4 Qc6 8. a4 Bd7 9. Ne5 Qd6 10. Nxd7 Nfxd7 11. Nc4 Qxd4 12. Bg5 f5 13. f3 g6 14. Qb3 Be7 15. Be3 Qf6 16. Qxb7 fxe4 17. Qxa8 O-O 18. Qxe4 Rc8 19. Be2 Nc6 20. O-O Nb4 21. Rfd1 Nf8 22. Rd2 Nd5 23. Rad1 Rb8 24. Rxd5 exd5 25. Qxd5+ Qf7 26. Qxf7+ Kxf7 27. Ne5+ Ke6 28. Nc6 Rxb2 29. Bc4+ Kf6 30. h4 Ne6 31. Bxe6 Kxe6 32. Bg5 Bd6 33. Re1+ Kd7 34. Ne5+ Kc7 35. Nc4 Rb4 36. Nxd6 Kxd6 37. Re7 Rxa4 38. Rxh7 a5 39. Rh6 Ra1+ 40. Kh2 a4 41. Rxg6+ Kd5 42. h5 a3 43. h6 a2 44. Ra6 Kc4 45. h7 Kb5 46. Ra8 1-0


[Site "https://www.chess.com"]

[Event "Titled Tuesday Blitz July 18 Early 2023"]
[White "Mekhane, Adam"]
[Black "Goltsev, Dmitry"]
[WhiteFideId "36050601"]
[BlackFideId "24176710"]
[WhiteElo "2570"]
[BlackElo "2743"]
[Result "0-1"]
[Round "4"]
[TimeControl "180+2"]
[Date "2023.07.18"]
[WhiteClock "0:00:00"]
[BlackClock "0:00:27"]
[Board "53"]

1. e4 e6 2. d4 d5 3. Nd2 c5 4. exd5 exd5 5. Ngf3 Nf6 6. Bb5+ Nc6 7. O-O Be7 8. dxc5 Bxc5 9. Nb3 Bb6 10. Re1+ Be6 11. Nfd4 O-O 12. Bxc6 bxc6 13. Nxc6 Qd6 14. Ncd4 Bg4 15. Qd3 Rfe8 16. Bg5 h6 17. Bxf6 Qxf6 18. c3 Bh5 19. Re3 Bg6 20. Qd2 Rxe3 21. Qxe3 a5 22. a4 Rb8 23. Qd2 Kh7 24. Re1 Qd6 25. h4 Bc7 26. g3 Bb6 27. Re2 Ba7 28. Qf4 Qxf4 29. gxf4 Bh5 30. Rd2 Bb6 31. Nc6 Re8 32. Kf1 Bf3 33. Nbxa5 Re4 34. b4 Rxf4 35. Nb3 Rxh4 0-1


[Site "https://www.chess.com"]

[Event "Titled Tuesday Blitz July 18 Early 2023"]
[White "Papasimakopoulos, Alexandros"]
[Black "Pinero Rodriguez, Carlos Jose"]
[WhiteFideId "4244125"]
[BlackFideId "3901726"]
[WhiteElo "2737"]
[BlackElo "2569"]
[Result "0-1"]
[Round "4"]
[TimeControl "180+2"]
[Date "2023.07.18"]
[WhiteClock "0:01:33"]
[BlackClock "0:00:16"]
[Board "54"]

1. d4 Nf6 2. c4 e6 3. Nc3 Bb4 4. Bd2 O-O 5. e3 b6 6. Nf3 Bb7 7. Bd3 d6 8. O-O Nbd7 9. Re1 Bxc3 10. Bxc3 Ne4 11. Qc2 f5 12. b4 Ndf6 13. Bb2 a5 14. a3 Qe7 15. Nd2 Nxd2 16. Qxd2 Ne4 17. Qc2 Rf6 18. f3 Ng5 19. e4 fxe4 20. fxe4 e5 21. d5 axb4 22. axb4 Raf8 23. Rf1 Rg6 24. Rxf8+ Qxf8 25. Rf1 Rf6 26. Qe2 Bc8 27. Rxf6 Qxf6 28. Qf2 Qg6 29. Kf1 Nxe4 30. Qe3 Bf5 31. Bc1 Ng3+ 32. hxg3 Bxd3+ 33. Kg1 Bxc4 34. Qc3 Qd3 35. Qa1 Bxd5 36. Qb2 Qd4+ 37. Qxd4 exd4 38. Kf2 Be4 39. Bg5 c5 40. Be7 c4 41. Bxd6 c3 42. Be5 c2 43. Bf4 Kf7 44. g4 Ke6 45. g3 Kd5 46. Ke2 Kc4 47. Kd2 Kxb4 48. Be5 Kc4 49. Bxg7 b5 50. g5 b4 51. Bf8 Bg6 52. Be7 d3 53. Kc1 Kc3 54. Bf6+ Kb3 55. Be7 Ka4 56. Bd6 b3 57. Bf4 Ka3 58. Be5 Ka2 59. Bd4 d2+ 60. Kxd2 b2 61. Bxb2 Kxb2 0-1


[Site "https://www.chess.com"]

[Event "Titled Tuesday Blitz July 18 Early 2023"]
[White "Ganiev, Roman"]
[Black "Dehtiarov, Roman"]
[WhiteFideId "4131452"]
[BlackFideId "14186640"]
[WhiteElo "2569"]
[BlackElo "2732"]
[Result "0-1"]
[Round "4"]
[TimeControl "180+2"]
[Date "2023.07.18"]
[WhiteClock "0:00:04"]
[BlackClock "0:00:08"]
[Board "55"]

1. e4 e5 2. d4 exd4 3. Qxd4 Nc6 4. Qe3 Nf6 5. Nc3 Bb4 6. Bd2 O-O 7. O-O-O Re8 8. Qg3 d6 9. f3 Be6 10. a3 Ba5 11. Nh3 Nh5 12. Qg5 Qxg5 13. Nxg5 h6 14. Nxe6 fxe6 15. Bc4 Nf6 16. Ba2 Rad8 17. Kb1 Kh8 18. b4 Bb6 19. Ne2 e5 20. Bc3 Nh5 21. Bf7 Nf6 22. Bxe8 Rxe8 23. h4 Nd8 24. g4 Ne6 25. g5 Nh5 26. gxh6 gxh6 27. Bb2 Rf8 28. Rh3 Bf2 29. c4 b6 30. Rf1 Be3 31. Bc1 Bxc1 32. Kxc1 Kh7 33. Kd2 Rg8 34. Rh2 Nef4 35. Nxf4 Nxf4 36. Ke3 h5 37. Rd1 Rb8 38. Rg1 b5 39. c5 dxc5 40. bxc5 b4 41. axb4 Rxb4 42. Rc2 Rb3+ 43. Kd2 Rd3+ 44. Kc1 Rxf3 45. Rg5 Kh6 46. Kb1 Rf1+ 47. Ka2 Nd3 48. Rf5 Rxf5 49. exf5 Nb4+ 50. Kb3 Nxc2 51. Kxc2 Kg7 52. Kd3 Kf6 53. Ke4 c6 0-1


[Site "https://www.chess.com"]

[Event "Titled Tuesday Blitz July 18 Early 2023"]
[White "Principe, Gerson"]
[Black "Ashraf, Artin"]
[WhiteFideId "3804550"]
[BlackFideId "22514805"]
[WhiteElo "2568"]
[BlackElo "2732"]
[Result "1/2-1/2"]
[Round "4"]
[TimeControl "180+2"]
[Date "2023.07.18"]
[WhiteClock "0:00:05"]
[BlackClock "0:00:03"]
[Board "56"]

1. Nf3 a6 2. a3 g6 3. h3 Bg7 4. e3 c5 5. d4 cxd4 6. exd4 d5 7. c3 Nc6 8. Bd3 Bf5 9. O-O Nf6 10. Bxf5 gxf5 11. Bf4 e6 12. Ne5 Ne4 13. f3 Nf6 14. Nd2 Nh5 15. Nxc6 bxc6 16. Be3 f4 17. Bf2 O-O 18. Re1 Bf6 19. Nb3 Kh8 20. Nc5 Rg8 21. Nd3 Bh4 22. Qe2 Qg5 23. Qe5+ Qxe5 24. Nxe5 Bxf2+ 25. Kxf2 Rg7 26. Nxc6 Rag8 27. Rg1 Ng3 28. Ne5 Nf5 29. Nd3 Rb8 30. Ra2 Ne3 31. Nxf4 Nc4 32. b4 Rgg8 33. Ne2 h5 34. g4 hxg4 35. hxg4 Kg7 36. Rh1 Rh8 37. Ng3 Rxh1 38. Nxh1 Rc8 39. Ng3 Nd6 40. Ne2 Nb5 41. Ke1 Rh8 42. a4 Nd6 43. b5 axb5 44. a5 Ra8 45. a6 Kf8 46. Nf4 Ke7 47. Nd3 Kd7 48. Nb4 Kc7 49. Rh2 Kb6 50. Rh7 Rc8 51. Kd2 Nc4+ 52. Kd3 Nd6 53. Rh1 Ka7 54. Rh7 Kb6 55. g5 Rc7 56. f4 Ne4 57. Na2 Nd6 58. Nb4 Ne4 59. Na2 Nf2+ 60. Ke2 Ne4 61. Kd3 1/2-1/2


[Site "https://www.chess.com"]

[Event "Titled Tuesday Blitz July 18 Early 2023"]
[White "Preotu, Razvan"]
[Black "Makkar, Rajat"]
[WhiteFideId "2613280"]
[BlackFideId "36016810"]
[WhiteElo "2731"]
[BlackElo "2567"]
[Result "1-0"]
[Round "4"]
[TimeControl "180+2"]
[Date "2023.07.18"]
[WhiteClock "0:00:07"]
[BlackClock "0:00:09"]
[Board "57"]

1. e4 e5 2. Nf3 Nc6 3. Bc4 Bc5 4. c3 Nf6 5. d3 d6 6. O-O O-O 7. Re1 a5 8. h3 Ba7 9. Nbd2 Be6 10. Bb5 Ne7 11. d4 Ng6 12. Bd3 Nh5 13. Nf1 Nhf4 14. Be3 Nxd3 15. Qxd3 f5 16. dxe5 fxe4 17. Qxe4 d5 18. Qd3 Rxf3 19. gxf3 Qh4 20. Nh2 Bxe3 21. fxe3 Nxe5 22. Qe2 Bxh3 23. Qf2 Qg5+ 24. Kh1 Nd3 25. Qg1 Qf5 26. Re2 Ra6 27. Qg3 Rg6 28. Qxc7 h6 29. Rg1 Rxg1+ 30. Kxg1 Ne5 31. Qd8+ Kh7 32. Qxd5 Qb1+ 33. Kf2 Nd3+ 34. Kg3 Bc8 35. Qe4+ g6 36. Qe7+ Kh8 37. Qf8+ Kh7 38. Qf7+ Kh8 39. Qf8+ Kh7 40. Qxc8 Qg1+ 41. Rg2 Qxe3 42. Qd7+ Kh8 43. Qd4+ Qxd4 44. cxd4 Nb4 45. Rd2 Kg7 46. d5 Kf7 47. d6 Ke8 48. d7+ Kd8 49. Ng4 1-0


[Site "https://www.chess.com"]

[Event "Titled Tuesday Blitz July 18 Early 2023"]
[White "Suyarov, Mukhammadzokhid"]
[Black "NovoselovRoman"]
[WhiteFideId "14210495"]
[WhiteElo "2730"]
[BlackElo "2563"]
[Result "1-0"]
[Round "4"]
[TimeControl "180+2"]
[Date "2023.07.18"]
[WhiteClock "0:01:28"]
[BlackClock "0:00:04"]
[Board "58"]

1. d4 c6 2. Nc3 d5 3. Bf4 Nf6 4. e3 Bf5 5. Nf3 e6 6. Ne5 h6 7. g4 Bh7 8. h4 Nbd7 9. Nxd7 Qxd7 10. g5 Ne4 11. gxh6 gxh6 12. Rg1 Bb4 13. a3 Ba5 14. Rg7 Nxc3 15. Qd2 Ne2 16. Qxa5 Nxf4 17. exf4 Bxc2 18. Be2 Kf8 19. Rg3 Qd6 20. Rc1 Bf5 21. Qb4 Qxb4+ 22. axb4 a6 23. Kd2 Rg8 24. Ke3 Ke7 25. Rcg1 Rxg3+ 26. fxg3 Kd6 27. g4 Be4 28. g5 Rh8 29. h5 a5 30. bxa5 c5 31. b3 hxg5 32. fxg5 Ra8 33. Ra1 cxd4+ 34. Kxd4 e5+ 35. Ke3 Rc8 36. a6 bxa6 37. Rxa6+ Ke7 38. h6 Rc3+ 39. Kf2 Rxb3 40. Bh5 Rh3 41. Ra7+ Kd6 42. Bxf7 d4 43. Ra6+ Kc5 44. Ra5+ Kd6 45. Bg6 Bc6 46. h7 e4 47. Bf5 Rf3+ 48. Ke1 Re3+ 49. Kd1 Rd3+ 50. Kc1 Rc3+ 51. Kb2 e3 52. h8=Q e2 53. Qe5# 1-0


[Site "https://www.chess.com"]

[Event "Titled Tuesday Blitz July 18 Early 2023"]
[White "Panesar Vedant"]
[Black "Siniauski, Artsiom"]
[WhiteFideId "35033018"]
[BlackFideId "13512269"]
[WhiteElo "2727"]
[BlackElo "2559"]
[Result "1-0"]
[Round "4"]
[TimeControl "180+2"]
[Date "2023.07.18"]
[WhiteClock "0:00:20"]
[BlackClock "0:00:00"]
[Board "59"]

1. d4 Nf6 2. c4 e6 3. g3 d5 4. Bg2 Bb4+ 5. Bd2 Be7 6. Nf3 c6 7. Qc2 O-O 8. O-O Nbd7 9. b3 Ne4 10. Nc3 Nxd2 11. Nxd2 f5 12. e3 Nf6 13. Rab1 Bd7 14. b4 a5 15. b5 Bb4 16. bxc6 bxc6 17. Na4 Be8 18. c5 f4 19. exf4 Bg6 20. Qd1 Bxd2 21. Qxd2 Bxb1 22. Rxb1 Rb8 23. Nb6 a4 24. Qe2 Re8 25. Bh3 Ne4 26. Rb4 Qe7 27. Qe3 Rb7 28. Rxa4 Reb8 29. f3 Nf6 30. Qxe6+ Qxe6 31. Bxe6+ Kf8 32. f5 g6 33. g4 gxf5 34. Bxf5 Re7 35. g5 Rbe8 36. gxf6 Re1+ 37. Kf2 R8e2+ 38. Kg3 Kf7 39. Bg4 Kxf6 40. Nd7+ Ke7 41. Ne5 Kf6 42. Ra6 Rd2 43. Rxc6+ Ke7 44. Re6+ 1-0


[Site "https://www.chess.com"]

[Event "Titled Tuesday Blitz July 18 Early 2023"]
[White "Fiorito, Joaquin"]
[Black "Portela Peleteiro, Alberto"]
[WhiteFideId "180173"]
[BlackFideId "22276106"]
[WhiteElo "2724"]
[BlackElo "2556"]
[Result "1-0"]
[Round "4"]
[TimeControl "180+2"]
[Date "2023.07.18"]
[WhiteClock "0:00:09"]
[BlackClock "0:00:04"]
[Board "60"]

1. d4 d5 2. Nc3 Nf6 3. Bf4 c6 4. e3 Bf5 5. f3 e6 6. g4 Bg6 7. h4 h6 8. Qd2 Bd6 9. Nh3 Qe7 10. Bxd6 Qxd6 11. Nf4 Bh7 12. g5 Ng8 13. O-O-O Nd7 14. g6 Bxg6 15. Nxg6 fxg6 16. f4 Ne7 17. Bd3 O-O-O 18. Rhg1 g5 19. hxg5 h5 20. Kb1 Rdf8 21. Ne2 Nf5 22. c4 g6 23. c5 Qc7 24. b4 h4 25. Ka1 h3 26. Rh1 Rh4 27. Rh2 Rfh8 28. Rdh1 b6 29. Ng1 bxc5 30. bxc5 Ng3 31. Nf3 Nxh1 32. Nxh4 Rxh4 33. Rxh1 Nf8 34. Bf1 h2 35. Ba6+ Kd8 36. Rxh2 Rxh2 37. Qxh2 Qa5 38. Qe2 Qc3+ 39. Kb1 e5 40. fxe5 Ne6 41. Bd3 Nxg5 42. Bxg6 Qb4+ 43. Kc2 Qa4+ 44. Kc1 Qa3+ 45. Kd1 Qa4+ 46. Ke1 Qb4+ 47. Kf2 Qc3 48. Kg2 Qc1 49. Bd3 Kc7 50. Qf2 Qd1 51. Bf5 Qh5 52. e6 Kd8 53. Qf4 Qe2+ 54. Kg3 Qe1+ 55. Qf2 Qd1 56. Kf4 Qh5 57. Qg3 Nf7 58. exf7 Qxf7 59. Qg6 Qc7+ 60. Qd6+ Qxd6+ 61. cxd6 a5 62. Ke5 a4 63. Be6 a3 64. Bxd5 cxd5 65. Kxd5 Kd7 66. e4 1-0


[Site "https://www.chess.com"]

[Event "Titled Tuesday Blitz July 18 Early 2023"]
[White "Moskvin, Anatoly"]
[Black "Stoyanov, Tsvetan"]
[WhiteFideId "24199990"]
[BlackFideId "2917173"]
[WhiteElo "2555"]
[BlackElo "2722"]
[Result "1/2-1/2"]
[Round "4"]
[TimeControl "180+2"]
[Date "2023.07.18"]
[WhiteClock "0:00:10"]
[BlackClock "0:00:10"]
[Board "61"]

1. e4 c5 2. Nf3 a6 3. g3 b5 4. Bg2 Bb7 5. d3 d6 6. O-O Nd7 7. Re1 g6 8. c3 Bg7 9. d4 e5 10. dxe5 dxe5 11. a4 Ngf6 12. Bg5 O-O 13. Nbd2 h6 14. Bxf6 Qxf6 15. Bf1 Bc6 16. Qc2 c4 17. axb5 axb5 18. b3 cxb3 19. Qxb3 Rxa1 20. Rxa1 Nc5 21. Qb4 Nxe4 22. Nxe4 Qxf3 23. Bg2 Qe2 24. Nf6+ Bxf6 25. Bxc6 e4 26. Bxb5 Qf3 27. Bc6 Bxc3 28. Bxe4 Qxf2+ 29. Kxf2 Bxb4 30. Ra4 Bc5+ 31. Kf3 Kg7 32. Rc4 Bb6 33. Rc6 Rb8 34. h3 Bd4 35. Bd3 Rb3 36. Ke4 Bb6 37. g4 Rb4+ 38. Kf3 Rb3 39. Ke4 Bd8 40. Rd6 Be7 41. Rd7 Kf8 42. Kf3 Rb4 43. Rd5 Bg5 44. Rd7 Rf4+ 45. Kg3 Rf6 46. h4 Bf4+ 47. Kg2 Be5 48. Rd5 Bd6 49. h5 g5 50. Bf5 Ke7 51. Rb5 Kf8 52. Rb7 Kg7 53. Kf3 Bf4 54. Ke4 Rd6 55. Rd7 Rc6 56. Bg6 Re6+ 57. Kd5 Re5+ 58. Kd4 Kf6 59. Rxf7+ Ke6 60. Rh7 Rd5+ 61. Ke4 Re5+ 62. Kf3 Re3+ 63. Kf2 Rg3 64. Bf5+ Kf6 65. Rxh6+ Kg7 66. Rg6+ Kf7 67. Ra6 Rh3 68. Ke2 Rh2+ 69. Kd3 Rh3+ 70. Kc4 Be5 71. h6 Bf6 72. h7 Rh2 73. Kd5 Rd2+ 74. Kc4 Rd4+ 75. Kc5 Rd8 76. Ra7+ Be7+ 77. Kc4 Kf6 78. Kb5 Rb8+ 79. Kc6 Rd8 80. Rc7 Rf8 81. Kd7 Rd8+ 82. Kc6 Rd6+ 83. Kb7 Rd8 84. Rc8 Rxc8 85. Kxc8 Kg7 86. Kd7 Bf6 87. Ke6 Bc3 88. Ke7 Bd2 89. Ke6 Bf4 90. Ke7 Bc1 91. Ke6 Bf4 92. Ke7 Bc1 93. Ke6 Bf4 1/2-1/2


[Site "https://www.chess.com"]

[Event "Titled Tuesday Blitz July 18 Early 2023"]
[White "Garv Gaur"]
[Black "Leiva, Gianmarco"]
[WhiteFideId "45030839"]
[BlackFideId "3804399"]
[WhiteElo "2554"]
[BlackElo "2716"]
[Result "0-1"]
[Round "4"]
[TimeControl "180+2"]
[Date "2023.07.18"]
[WhiteClock "0:00:13"]
[BlackClock "0:00:10"]
[Board "62"]

1. Nf3 Nf6 2. d4 e6 3. c4 d5 4. g3 Bb4+ 5. Nbd2 O-O 6. Qc2 c5 7. dxc5 Bxc5 8. Bg2 b6 9. O-O Bb7 10. Nb3 Be7 11. Rd1 Nbd7 12. cxd5 Bxd5 13. Bf4 Rc8 14. Qd3 Bc4 15. Qd4 Nd5 16. e4 Nxf4 17. gxf4 Nf6 18. Ne5 Bxb3 19. axb3 Qxd4 20. Rxd4 Rc2 21. Nd3 a5 22. e5 Ng4 23. h3 Nxf2 24. Nxf2 Bc5 25. Rad1 Bxd4 26. Rxd4 Rxb2 27. Rd3 Rc8 28. Bf1 h6 29. Nd1 Rb1 30. Ne3 b5 31. Kf2 b4 32. Nc4 a4 33. bxa4 Kh7 34. Rd2 g6 35. a5 Rxf1+ 36. Kxf1 Rxc4 37. Rd7 Rxf4+ 38. Ke2 Kg7 39. a6 Re4+ 40. Kd3 Rxe5 41. Rb7 Ra5 42. a7 h5 43. Kc4 g5 44. Kxb4 Ra1 45. Kb5 g4 46. hxg4 hxg4 47. Rd7 g3 48. Rd3 Rxa7 49. Rxg3+ Kf8 50. Kc4 Ke7 51. Kd4 Ra4+ 52. Ke5 f6# 0-1


[Site "https://www.chess.com"]

[Event "Titled Tuesday Blitz July 18 Early 2023"]
[White "Amilal Munkhdalai"]
[Black "robertoalejandro10"]
[WhiteFideId "4903250"]
[WhiteElo "2713"]
[BlackElo "2554"]
[Result "1-0"]
[Round "4"]
[TimeControl "180+2"]
[Date "2023.07.18"]
[WhiteClock "0:01:14"]
[BlackClock "0:00:00"]
[Board "63"]

1. e4 c5 2. Nf3 g6 3. d4 cxd4 4. Nxd4 Bg7 5. c4 Nc6 6. Be3 Nf6 7. Nc3 Ng4 8. Qxg4 Nxd4 9. Qd1 Ne6 10. Rc1 b6 11. Be2 Bb7 12. f3 O-O 13. O-O Be5 14. g3 f5 15. exf5 Rxf5 16. f4 Bg7 17. Bf3 Bxf3 18. Qxf3 Rc8 19. b3 Bxc3 20. Rxc3 Qc7 21. Rd3 d6 22. Rd5 Rcf8 23. Rxf5 Rxf5 24. g4 Rf7 25. Qd5 Nd8 26. f5 gxf5 27. Rxf5 e6 28. Rxf7 Qxf7 29. Qg5+ 1-0


[Site "https://www.chess.com"]

[Event "Titled Tuesday Blitz July 18 Early 2023"]
[White "Guliev, Logman"]
[Black "Hilary46"]
[WhiteFideId "13400061"]
[WhiteElo "2553"]
[BlackElo "2708"]
[Result "1-0"]
[Round "4"]
[TimeControl "180+2"]
[Date "2023.07.18"]
[WhiteClock "0:00:32"]
[BlackClock "0:01:05"]
[Board "64"]

1. e4 e5 2. Nf3 Nc6 3. Bb5 a6 4. Ba4 Nf6 5. O-O Nxe4 6. d4 b5 7. Bb3 d5 8. dxe5 Be6 9. Be3 Be7 10. Nbd2 Nc5 11. c3 Nd7 12. Re1 O-O 13. Bf4 Nc5 14. Bc2 d4 15. cxd4 Nxd4 16. Nxd4 Qxd4 17. Be3 Qxb2 18. Rc1 Rad8 19. Qf3 Nd3 20. Qe4 Qxc2 21. Rxc2 Nxe1 22. Rxc7 Bb4 23. Qxb4 Nd3 24. Qe4 Bxa2 25. f4 a5 26. h3 b4 27. f5 Rfe8 28. e6 fxe6 29. Qg4 g6 30. Qh4 h5 31. Qf6 Rd7 32. Rxd7 1-0


[Site "https://www.chess.com"]